Map: Ever Dream LE

Players

SKillous

  • Race: Protoss Protoss
  • Spawn Location: 7:00

SortOf - Winner!

  • Race: Zerg Zerg
  • Spawn Location: 1:00

Event: StayAtHomestory Cup #1

VOD

Have the link to the VOD?

Description

Time

  • Played on: April 10, 2020, 12:30 p.m.
  • Length: 10:55

All games in this series

Show
View Real Time Build Order
Export as new Build Order

SKillous Protoss 

Build Orders: 1 Gate Expand 

Get SALT Encoding   

  12  0:03  Probe  
  13  0:15  Probe  
  14  0:21  Pylon  
  14  0:27  Probe  
  15  0:39  Probe (Chrono Boost)  
  15  0:40  Gateway  
  16  0:48  Probe (Chrono Boost)  
  16  0:49  Assimilator  
  17  0:54  Probe  
  18  1:06  Probe  
  19  1:18  Probe  
  20  1:24  Nexus  
  20  1:32  Cybernetics Core  
  20  1:34  Probe  
  21  1:41  Assimilator  
  21  1:47  Probe  
  22  1:49  Pylon  
  22  1:59  Probe  
  23  2:06  Adept (Chrono Boost)  
  23  2:09  Warp Gate  
  23  2:11  Probe  
  26  2:17  Robotics Facility  
  26  2:23  Probe  
  26  2:26  Stalker (Chrono Boost)  
  29  2:36  Probe (Chrono Boost)  
  31  2:40  Probe (Chrono Boost)  
  32  2:45  Probe (Chrono Boost)  
  32  2:49  Probe (Chrono Boost), Sentry  
  32  2:50  Probe (Chrono Boost)  
  35  2:54  Gateway  
  36  2:59  Probe  
  37  3:08  Probe (Chrono Boost)  
  37  3:10  Warp Prism  
  37  3:12  Probe (Chrono Boost)  
  41  3:19  Pylon  
  42  3:23  Probe (Chrono Boost)  
  42  3:24  Probe (Chrono Boost)  
  43  3:29  Probe (Chrono Boost)  
  43  3:30  Probe, Twilight Council  
  45  3:41  Probe  
  46  3:44  Probe  
  46  3:46  Observer  
  48  3:50  Pylon  
  48  3:51  Assimilator  
  48  3:53  Assimilator  
  48  3:54  Probe (Chrono Boost)  
  49  3:57  Adept  
  49  3:58  Adept  
  49  3:59  Probe (Chrono Boost)  
  54  4:03  Forge  
  54  4:09  Blink  
  56  4:10  Probe (Chrono Boost)  
  56  4:13  Probe (Chrono Boost)  
  56  4:15  Probe (Chrono Boost)  
  57  4:18  Immortal (Chrono Boost)  
  61  4:33  Gateway  
  61  4:34  Gateway  
  61  4:37  Protoss Ground Weapons Level 1 (Chrono Boost)  
  61  4:39  Pylon  
  61  4:44  Probe  
  62  4:54  Pylon  
  62  4:57  Immortal  
  66  5:04  Sentry  
  66  5:05  Sentry  
  66  5:06  Observer  
  70  5:08  Pylon  
  70  5:09  Observer  
  70  5:14  Nexus  
  69  5:21  Probe  
  70  5:32  Probe  
  70  5:33  Probe  
  70  5:34  Immortal (Chrono Boost)  
  75  5:45  Stalker x2  
  75  5:46  Probe x2 (Chrono Boost)  
  81  5:51  Pylon  
  83  5:58  Probe (Chrono Boost)  
  83  6:01  Probe (Chrono Boost)  
  83  6:03  Probe (Chrono Boost)  
  83  6:09  Probe, Gateway, Immortal (Chrono Boost)  
  83  6:10  Gateway  
  83  6:11  Pylon  
  89  6:13  Probe  
  90  6:21  Probe  
  90  6:25  Probe  
  88  6:30  Stalker x3  
  88  6:32  Zealot  
  92  6:40  Gateway  
  92  6:41  Gateway, Photon Cannon  
  92  6:48  Observer (Chrono Boost)  
  93  6:54  Stalker x4  
  93  6:57  Pylon  
  101  7:05  Sentry x2  
  105  7:08  Pylon  
  105  7:20  Stalker x4  
  113  7:27  Stalker  
  113  7:28  Stalker  
  117  7:30  Probe x2  
  117  7:32  Gateway  
  117  7:33  Gateway  
  117  7:34  Probe  
  117  7:36  Stalker  
  122  7:42  Probe  
  122  7:43  Stalker x2  
  122  7:44  Stalker  
  111  7:46  Probe  
  80  8:05  Stalker x3  
  74  8:06  Stalker x2  
  74  8:10  Assimilator, Stalker x2  
  86  8:15  Assimilator  
  86  8:18  Stalker  
  88  8:21  Probe  
  88  8:22  Probe x2  
  89  8:28  Protoss Ground Weapons Level 2 (Chrono Boost)  
  89  8:29  Stalker x4  
  89  8:34  Probe x3  
  99  8:35  Charge (Chrono Boost)  
  100  8:44  Zealot x2  
  100  8:46  Probe, Pylon  
  105  9:01  Zealot x6  
  111  9:15  Nexus  
  111  9:16  Pylon  
  111  9:24  Zealot x4  
  111  9:29  Templar Archives  
  119  9:32  Probe x2  
  119  9:33  Probe  
  122  9:44  Probe  
  122  9:45  Probe  
  124  9:54  Probe  
  124  9:55  Zealot x7  
  124  9:58  Unknown  
  139  10:03  Sentry, Zealot  
  143  10:08  Pylon  
  143  10:09  Nexus  
  143  10:16  High Templar x3  
  149  10:21  Archon  
  149  10:22  Pylon x2  
  149  10:24  Zealot  
  149  10:27  Zealot  
  151  10:35  Zealot x4  
  138  10:36  Zealot  
  72  10:44  Probe (Chrono Boost)  
  72  10:47  Probe (Chrono Boost)  
Show
View Real Time Build Order
Export as new Build Order

SortOf Zerg - Winner!

Build Orders: Hatch First 

Get SALT Encoding   

  12  0:00  Drone  
  13  0:12  Overlord  
  13  0:17  Drone  
  14  0:32  Drone x2  
  16  0:48  Hatchery  
  15  0:51  Drone  
  15  0:55  Drone  
  17  0:58  Drone  
  18  1:09  Extractor  
  17  1:13  Spawning Pool  
  17  1:16  Drone  
  17  1:20  Drone  
  18  1:28  Drone  
  19  1:42  Hatchery  
  19  1:46  Drone  
  19  1:50  Drone  
  20  2:00  Queen  
  22  2:02  Zergling x2  
  23  2:10  Queen  
  25  2:16  Overlord  
  25  2:19  Drone  
  25  2:22  Drone  
  27  2:25  Drone  
  28  2:35  Zergling x2  
  28  2:36  Queen  
  31  2:39  Drone  
  31  2:41  Drone  
  31  2:43  Drone  
  34  2:47  Drone  
  35  2:52  Metabolic Boost  
  35  2:55  Drone  
  35  2:57  Overlord  
  36  3:00  Drone  
  36  3:04  Drone  
  38  3:08  Drone x2  
  40  3:14  Queen  
  40  3:17  Drone  
  43  3:21  Overlord  
  43  3:22  Drone  
  43  3:23  Drone x2  
  43  3:25  Drone  
  47  3:31  Roach Warren  
  47  3:32  Drone  
  47  3:35  Drone  
  47  3:36  Drone  
  49  3:41  Extractor  
  49  3:43  Queen  
  49  3:44  Drone x2  
  52  3:51  Overlord  
  52  3:53  Zergling x6  
  55  4:01  Overlord  
  55  4:02  Spine Crawler  
  55  4:10  Drone x3  
  55  4:12  Overlord  
  55  4:13  Roach x4  
  66  4:18  Spore Crawler  
  66  4:20  Lair  
  66  4:23  Drone  
  67  4:24  Drone  
  67  4:27  Drone  
  68  4:31  Drone x4  
  68  4:33  Drone  
  68  4:38  Overlord  
  73  4:41  Roach x2  
  73  4:43  Overlord  
  73  4:45  Drone  
  78  4:50  Spore Crawler, Drone  
  78  4:53  Extractor x2, Roach x2  
  79  5:02  Overlord  
  79  5:03  Drone x5  
  79  5:05  Drone  
  85  5:10  Drone  
  85  5:11  Overlord  
  85  5:13  Drone x2  
  88  5:14  Roach x2  
  88  5:17  Drone x2  
  94  5:21  Zergling x2  
  94  5:23  Drone  
  94  5:26  Overseer  
  94  5:27  Overseer  
  96  5:31  Evolution Chamber  
  96  5:32  Glial Reconstitution, Baneling Nest  
  96  5:34  Drone x2  
  96  5:36  Extractor  
  96  5:38  Roach  
  96  5:44  Drone x4  
  100  5:53  Drone x3  
  103  6:06  Hatchery, Zerg Melee Weapons Level 1  
  103  6:07  Overlord  
  103  6:08  Overlord  
  103  6:10  Extractor  
  101  6:11  Overlord  
  101  6:13  Roach x2  
  101  6:18  Overlord  
  105  6:24  Drone x2  
  103  6:31  Drone x2  
  103  6:32  Centrifical Hooks  
  102  6:33  Roach x6  
  114  6:42  Zergling x4  
  114  6:43  Zergling x10  
  121  6:52  Overlord  
  121  6:53  Roach x4  
  129  6:54  Ravager x2  
  129  6:55  Ravager x4  
  129  6:59  Zergling x4  
  137  7:06  Overlord  
  137  7:07  Overlord  
  136  7:10  Baneling x11  
  136  7:13  Zergling x8  
  138  7:15  Zergling x2  
  138  7:17  Ravager  
  138  7:19  Zergling x10  
  140  7:27  Roach x5  
  140  7:31  Zergling x2, Ravager  
  140  7:32  Ravager  
  140  7:33  Baneling x2  
  140  7:34  Zergling x4  
  144  7:42  Zergling x4  
  132  7:48  Zergling x16  
  122  7:55  Zergling x10  
  118  8:03  Roach x2  
  118  8:04  Roach  
  118  8:05  Zerg Melee Weapons Level 2  
  122  8:14  Spire, Zergling x14, Infestation Pit  
  126  8:20  Drone x4  
  127  8:28  Drone x2  
  126  8:34  Baneling x8  
  126  8:35  Baneling x8  
  126  8:39  Roach x6  
  137  8:48  Drone x2  
  139  8:49  Zergling x16  
  139  8:55  Zergling x10  
  141  9:03  Hive, Unknown  
  141  9:06  Overseer  
  141  9:07  Overseer  
  141  9:09  Zergling x10  
  141  9:15  Drone  
  141  9:16  Drone x2  
  144  9:19  Zergling x16  
  144  9:23  Ravager x5  
  144  9:24  Overlord  
  157  9:25  Baneling  
  157  9:26  Baneling x3  
  157  9:28  Ravager  
  158  9:34  Overlord  
  158  9:47  Corruptor x2  
  158  9:48  Corruptor  
  158  9:51  Zergling x4, Queen  
  165  9:52  Overlord  
  165  9:56  Zergling x20  
  175  10:02  Baneling x13  
  175  10:06  Overlord x2  
  173  10:21  Baneling x15  
  173  10:22  Baneling x4  
  173  10:24  Hatchery  
  173  10:25  Zergling x10  
  175  10:30  Zergling x2  
  166  10:36  Zergling x20  
  166  10:38  Zergling x4  
Tags
 
Add a new tag
Caveats
  • Supply blocks, unpowered buildings, or Contaminate may cause inaccurate times.
  • Supply counts are checked every 10 seconds.